AoeStats
← Nerwerder

Lombardia

508269603Analyzed
2v2 RM · 11d ago on Sep 21, 2026· 38m 9s· 4 players
Game mode
Random Map
Map size
Medium (4 player)
Population
200
Speed
Normal
Resources
Standard
Victory
Conquest
Starting age
Dark Age
Ending age
Imperial Age
RankedLock teamsTeams togetherTeam positionsShared explorationLock speedFull tech treeHidden civsTurbo modeCheats
Victory
Defeat
🇩🇪 Teutons · Germany
1267
+18
🇩🇪 Inca · Germany
1266
+18
🇩🇪 Georgians · Germany
1325
-18
🇩🇪 Mongols · Germany
1298
-18
Nerwerder
7:00 Loom
10:18 Feudal Age
10:55 Double-Bit Axe
12:30 Horse Collar
16:19 Scale Barding Armor
20:39 Castle Age
18:51 Forging
19:18 Bloodlines
22:34 Bow Saw
23:30 Wheelbarrow
24:04 Chain Barding Armor
24:33 Heavy Plow
24:29 Gold Mining
27:56 Iron Casting
28:30 Town Watch
29:01 Hand Cart
29:34 Town Patrol
34:13 Stone Mining
38:34 Imperial Age
Eichhörnchen
8:12 Loom
10:39 Feudal Age
11:09 Double-Bit Axe
13:09 Fletching
20:59 Castle Age
20:06 Gold Mining
21:02 Crossbowman
21:48 Bodkin Arrow
23:26 Bow Saw
22:57 Horse Collar
25:21 Ballistics
34:35 Thumb Ring
37:52 Imperial Age
36:50 Wheelbarrow
36:00 Town Watch
37:24 Elite Skirmisher
37:55 Arbalester
38:42 Bracer
38:43 Padded Archer Armor
39:49 Chemistry
Murschann
4:20 Loom
10:53 Feudal Age
11:30 Double-Bit Axe
17:12 Castle Age
24:01 Wheelbarrow
27:10 Scale Barding Armor
27:15 Forging
34:37 Chain Barding Armor
34:21 Horse Collar
35:48 Iron Casting
laggysnapy
7:59 Loom
10:10 Feudal Age
10:41 Double-Bit Axe
16:35 Castle Age
19:46 Town Watch
25:36 Bloodlines
26:08 Scale Barding Armor
27:40 Wheelbarrow
29:25 Chain Barding Armor
29:33 Forging
30:00 Forging
32:07 Bow Saw
34:24 Iron Casting
34:14 Husbandry
34:07 Horse Collar
Connection lost

Rejoining the realm…

Still unreachable

The connection could not be restored.

Session expired

The server has moved on; the page needs a fresh start.